[Event "Opera Euro Rapid Prelims 2021"]
[Site "Online"]
[Date "2021.02.03"]
[Round "14.5"]
[White "Bluebaum, Matthias"]
[Black "Nakamura, Hikaru"]
[Result "0-1"]
[ECO "D05"]
[WhiteElo "2670"]
[BlackElo "2736"]
[Annotator "RC"]
[PlyCount "172"]
[EventDate "2021.02.02"]
[EventType "tourn"]
[EventCountry "NET"]
[Tiebreak "Koya+Number of black wins+Number of wins"]
[SourceTitle "playchess.com"]
[Source "ChessBase"]
[SourceQuality "1"]
[TimeControl "900+10"]

1. d4 Nf6 2. Nf3 d5 3. e3 c5 4. Nbd2 Nc6 5. c3 cxd4 6. exd4 Bf5 7. Nh4 Bg4 8. Ndf3 e6 9. h3 Bh5 10. Bd3 Bd6 11. Qe2 Bg6 12. Nxg6 hxg6 13. Bg5 Qc7 14. g3 O-O-O 15. O-O-O Kb8 16. Kb1 Rc8 17. h4 Na5 18. Ne5 Ka8 19. Bf4 Rhd8 20. Rc1 Nc6 21. Rhe1 Bxe5 22. dxe5 Nd7 23. h5 gxh5 24. Qxh5 g6 25. Qe2 Rh8 26. c4 d4 27. c5 Nb4 28. a3 Nd5 29. Rc4 Nb8 30. Rxd4 Qxc5 31. Rc4 Qb6 32. Bd2 Nc6 33. Rec1 Rh2 34. Be1 Rd8 35. Be4 a6 36. Rd1 Nxe5 37. Rcc1 Nc6 38. Qf3 Ne5 39. Qe2 f6 40. Ka1 g5 41. Qd2 Nc6 42. Qd3 Rhh8 43. Kb1 Ne5 44. Qe2 g4 45. Bg2 Rhe8 46. Qe4 Qb3 47. Qc2 Qxc2+ 48. Kxc2 f5 49. Kb1 Nc6 50. Bd2 Rg8 51. Rh1 Nd4 52. Ba5 Rd7 53. Ka2 Ka7 54. Rh6 Re8 55. Rd1 Nc6 56. Bd2 Nb6 57. Bxc6 bxc6 58. Kb1 Red8 59. Kc1 Rd6 60. b3 R8d7 61. a4 Kb7 62. Kc2 c5 63. Rhh1 Kc6 64. Rhe1 Nd5 65. Re2 Nb4+ 66. Kc1 e5 67. Rh1 Nd3+ 68. Kc2 f4 69. gxf4 exf4 70. Bc3 Nb4+ 71. Bxb4 cxb4 72. Rg1 f3 73. Re4 Rd2+ 74. Kc1 R7d4 75. Rexg4 Rxg4 76. Rxg4 Rxf2 77. Rxb4 Ra2 78. Rf4 f2 79. Kd1 a5 80. Rf5 Kd6 81. Rf3 Kd5 82. Rf4 Ke5 83. Rf8 Kd4 84. Rf3 Ke4 85. Rf8 Ke3 86. Re8+ Kd3 0-1

[Event "Opera Euro Rapid Prelims 2021"]
[Site "Online"]
[Date "2021.02.03"]
[Round "15.1"]
[White "Grischuk, Alexander"]
[Black "Dubov, Daniil"]
[Result "1/2-1/2"]
[ECO "A67"]
[WhiteElo "2777"]
[BlackElo "2710"]
[Annotator "RC"]
[PlyCount "174"]
[EventDate "2021.02.02"]
[EventType "tourn"]
[EventCountry "NET"]
[Tiebreak "Koya+Number of black wins+Number of wins"]
[SourceTitle "playchess.com"]
[Source "ChessBase"]
[SourceQuality "1"]
[TimeControl "900+10"]

1. d4 Nf6 2. c4 c5 3. d5 e6 4. Nc3 exd5 5. cxd5 d6 6. e4 g6 7. f4 Bg7 8. Bb5+ Nfd7 9. a4 O-O 10. Nf3 c4 11. O-O Nc5 12. Bxc4 Bg4 13. h3 Bxf3 14. Qxf3 Nbd7 15. Be3 Rc8 16. Rac1 Nb6 17. Be2 Ncxa4 18. Nxa4 Rxc1 19. Bxc1 Nxa4 20. e5 dxe5 21. f5 e4 22. Qxe4 Nb6 23. d6 Nc8 24. d7 Qxd7 25. f6 Re8 26. Qg4 Qxg4 27. Bxg4 Bf8 28. Bf3 Bc5+ 29. Kh2 Nd6 30. g4 Bd4 31. Bf4 Ne4 32. g5 h6 33. h4 hxg5 34. hxg5 Bxb2 35. Re1 Nxf6 36. Rb1 Nh5 37. Bxh5 Be5 38. Bxe5 Rxe5 39. Bf3 b6 40. Rg1 a5 41. Kh3 a4 42. Kg4 a3 43. Ra1 Ra5 44. Bd1 b5 45.
Bb3 b4 46. Rf1 Ra7 47. Rf4 Rb7 48. Rd4 Kf8 49. Re4 Rb8 50. Rf4 Rb7 51. Re4 Ra7 52. Rxb4 a2 53. Bxa2 Rxa2 54. Rb8+ Kg7 55. Rc8 Ra4+ 56. Kg3 Rd4 57. Rb8 Rd1 58. Kg4 Rh1 59. Ra8 Rh5 60. Rb8 Rh8 61. Rb7 Rd8 62. Ra7 Kf8 63. Rb7 Rd4+ 64. Kg3 Ke8 65. Ra7 Rd7 66. Ra1 Rd3+ 67. Kg4 Rd4+ 68. Kg3 Rd5 69. Kg4 Ke7 70. Ra7+ Ke6 71. Ra6+ Rd6 72. Ra4 Ke5 73. Ra7 Rd4+ 74. Kg3 Ke6 75. Ra6+ Rd6 76. Ra7 Rd7 77. Ra6+ Kf5 78. Ra5+ Ke4 79. Ra4+ Ke5 80. Ra5+ Rd5 81. Ra7 Ke6 82. Ra6+ Rd6 83. Ra7 Rb6 84. Kg4 Rc6 85. Kf4 Rc4+ 86. Kg3 Rd4 87. Ra6+ Rd6 1/2-1/2

[Event "Opera Euro Rapid Prelims 2021"]
[Site "Online"]
[Date "2021.02.03"]
[Round "15.2"]
[White "Giri, Anish"]
[Black "Duda, Jan-Krzysztof"]
[Result "1/2-1/2"]
[ECO "E42"]
[WhiteElo "2764"]
[BlackElo "2743"]
[Annotator "RC"]
[PlyCount "143"]
[EventDate "2021.02.02"]
[EventType "tourn"]
[EventCountry "NET"]
[Tiebreak "Koya+Number of black wins+Number of wins"]
[SourceTitle "playchess.com"]
[Source "ChessBase"]
[SourceQuality "1"]
[TimeControl "900+10"]

1. d4 Nf6 2. c4 e6 3. Nc3 Bb4 4. e3 c5 5. Nge2 cxd4 6. exd4 d5 7. a3 Bxc3+ 8. Nxc3 dxc4 9. Bxc4 O-O 10. O-O Nc6 11. Be3 b6 12. Ba2 Bb7 13. Re1 Ne7 14. Bg5 Ng6 15. d5 exd5 16. Qd4 h6 17. Bxf6 Qxf6 18. Qxf6 gxf6 19. Rad1 Rfe8 20. Bxd5 Bxd5 21. Nxd5 Kg7 22. Rxe8 Rxe8 23. Ne3 Re5 24. g3 f5 25. Rd4 Nf8 26. Rd3 Rb5 27. b4 a5 28. Nd5 axb4 29. axb4 Nh7 30. Rd4 Nf6 31. Ne3 Re5 32. Kf1 Kg6 33. Ke2 Re6 34. f3 b5 35. Rd2 Ra6 36. Rc2 Nd7 37. f4 Nf8 38.
Rd2 Ne6 39. Nd5 Ra3 40. Ne7+ Kf6 41. Nc6 h5 42. Ne5 Ke7 43. Rd7+ Ke8 44. Rxf7 Nd4+ 45. Kf2 Ra2+ 46. Ke3 Nc2+ 47. Kd3 Ne1+ 48. Kc3 Rc2+ 49. Kb3 Rxh2 50. Rxf5 Rh3 51. Kb2 Rxg3 52. Rxh5 Re3 53. Rh6 Kd8 54. Rd6+ Kc7 55. Rc6+ Kb7 56. Rc5 Re4 57. Rxb5+ Ka6 58. Ra5+ Kb6 59. Kc3 Rxf4 60. Nc4+ Kb7 61. b5 Rf3+ 62. Kd4 Nc2+ 63. Ke4 Rh3 64. Nd6+ Kc7 65. Ra6 Rh4+ 66. Kf3 Rb4 67. Rc6+ Kd7 68. Rxc2 Kxd6 69. Rd2+ Kc5 70. Ke3 Kxb5 71. Rd4 Rxd4 72. Kxd4 1/2-1/2

[Event "Opera Euro Rapid Prelims 2021"]
[Site "Online"]
[Date "2021.02.03"]
[Round "15.3"]
[White "Nepomniachtchi, Ian"]
[Black "Dominguez Perez, Leinier"]
[Result "0-1"]
[ECO "E48"]
[WhiteElo "2789"]
[BlackElo "2758"]
[Annotator "RC"]
[PlyCount "126"]
[EventDate "2021.02.02"]
[EventType "tourn"]
[EventCountry "NET"]
[Tiebreak "Koya+Number of black wins+Number of wins"]
[SourceTitle "playchess.com"]
[Source "ChessBase"]
[SourceQuality "1"]
[TimeControl "900+10"]

1. d4 Nf6 2. c4 e6 3. Nc3 Bb4 4. e3 O-O 5. Bd3 d5 6. cxd5 exd5 7. Nge2 Re8 8.
Bd2 Bd6 9. Rc1 c6 10. O-O Na6 11. f3 c5 12. Kh1 Nc7 13. g4 b6 14. Ng3 g6 15. Nce2 Bb7 16. g5 Nd7 17. h4 Nf8 18. Kg2 Ba6 19. Bxa6 Nxa6 20. dxc5 bxc5 21. e4 d4 22. Qa4 Nc7 23. b4 Nce6 24. bxc5 Bxc5 25. Rfd1 Rb8 26. Bc3 Qb6 27. Ba1 Red8 28. Rd3 Qb7 29. Rcd1 Bb6 30. Qb4 Qa6 31. Qa3 Qc4 32. f4 Qc6 33. Qc1 Qb7 34. Kh2 Rbc8 35.
Qb2 Qc7 36. Rc1 Qb8 37. Rf1 Bc7 38. Qd2 Qb5 39. Rb3 Qa6 40.
f5 Nc5 41. fxg6 hxg6 42. Rbf3 Nxe4 43. Qb2 Be5 44. Kg2 Nxg3 45. Nxg3 Qc6 46. Kg1 Rb8 47. Qf2 Qd5 48. h5 Ne6 49. Qd2 d3 50. Bxe5 Qxe5 51. hxg6 fxg6 52. Re3 Qxg5 53. Rfe1 Nf4 54. Kh2 Qh4+ 55. Kg1 Nh3+ 56. Kg2 Nf4+ 57. Kg1 Rf8 58. Rf1 Nh3+ 59. Kg2 Nf4+ 60. Kg1 Ne2+ 61. Nxe2 Rxf1+ 62. Kxf1 Rf8+ 63.
Kg2 Rf2+ 0-1

[Event "Opera Euro Rapid Prelims 2021"]
[Site "Online"]
[Date "2021.02.03"]
[Round "15.4"]
[White "Nakamura, Hikaru"]
[Black "Shankland, Sam"]
[Result "0-1"]
[ECO "B67"]
[WhiteElo "2736"]
[BlackElo "2691"]
[Annotator "RC"]
[PlyCount "115"]
[EventDate "2021.02.02"]
[EventType "tourn"]
[EventCountry "NET"]
[Tiebreak "Koya+Number of black wins+Number of wins"]
[SourceTitle "playchess.com"]
[Source "ChessBase"]
[SourceQuality "1"]
[TimeControl "900+10"]

1. e4 c5 2. Nf3 d6 3. d4 cxd4 4. Nxd4 Nf6 5. Nc3 Nc6 6. Bg5 e6 7. Qd2 a6 8. O-O-O Bd7 9. f3 Nxd4 10. Qxd4 Be7 11. h4 Qc7 12. Qd2 b5 13.
Kb1 b4 14. Ne2 a5 15. c4 bxc3 16. Nxc3 Rb8 17. a4 h6 18. Be3 O-O 19. Nb5 Qb7 20. Bd3 Rfc8 21. Rc1 d5 22. e5 Bb4 23. Qf2 Ne8 24. Ba7 Rxc1+ 25. Rxc1 Rc8 26. Rxc8 Qxc8 27. h5 Kf8 28. g4 Qc6 29. Bb6 Bc8 30.
Na7 Qxa4 31. Qe2 Qd7 32. Qc2 Bb7 33. Bb5 Qe7 34. Qh7 f6 35.
Qh8+ Kf7 36. Bd3 Qf8 37. Qh7 fxe5 38. Bd8 e4 39. fxe4 Qd6 40. Bh4 dxe4 41. Bc2 Qa6 42. g5 hxg5 43. Bxg5 Qxa7 44. Qg6+ Kf8 45. h6 Qg1+ 46. Ka2 Bd5+ 47. b3 Qf2 48. Kb1 Bc3 49. Bc1 gxh6 50. Qxh6+ Kg8 51. Qg5+ Ng7 52. Qd8+ Qf8 53. Qc7 Bf6 54. Qxa5 Nf5 55. Ba3 Qc8 56. Bc5 Nd4 57. Bd1 Nxb3 58. Bxb3 0-1